 Dungeon Crawl Stone Soup version 0.18.1-50-g88ac8fd (webtiles) character file.

94 Amnesiac the Cutter (level 4, -3/35 HPs)
             Began as a Merfolk Fighter on Mar 8, 2018.
             Slain by Blork the orc
             ... wielding a +2 long sword of holy wrath
              (8 damage)
             ... on level 5 of the Dungeon.
             The game lasted 00:04:05 (892 turns).

Amnesiac the Cutter (Merfolk Fighter)                Turns: 892, Time: 00:04:05

Health: -3/35      AC:  7    Str: 17    XL:     4   Next: 63%
Magic:  4/4        EV:  6    Int:  7    God:
Gold:   41         SH:  9    Dex: 13    Spells: 0 memorised, 3 levels left

rFire  . . .     SeeInvis .     a - +0 rapier
rCold  . . .     Gourm    .     b - +0 scale mail
rNeg   . . .     Faith    .     c - +0 shield
rPois  .         Spirit   .     (no helmet)
rElec  .         Dismiss  .     (no cloak)
rCorr  .         Reflect  .     j - +0 pair of gloves
SustAt .         Harm     .     (no boots)
MR     .....                    (no amulet)
Stlth  ..........               (no ring)
                                (no ring)

@: not resistant to hostile enchantments, extremely unstealthy
A: change form in water, swift swim
a: no special abilities


You were on level 5 of the Dungeon.
You were not hungry.

You visited 1 branch of the dungeon, and saw 5 of its levels.

You collected 41 gold pieces.

Inventory:

Hand Weapons
 a - a +0 rapier (weapon)
 k - a cursed -1 hunting sling
Armour
 b - a +0 scale mail (worn)
 c - a +0 shield (worn)
 j - a +0 pair of gloves (worn)
Jewellery
 i - an uncursed ring of ice
Scrolls
 e - a scroll of fog {!r}
Potions
 d - a potion of brilliance {!q}
Comestibles
 f - a bread ration
 h - a royal jelly


   Skills:
 - Level 3.2 Fighting
 + Level 5.7 Short Blades
 - Level 2.1 Armour
 - Level 3.0 Shields


You had 3 spell levels left.
You didn't know any spells.

Dungeon Overview and Level Annotations

Branches:
Dungeon (5/15)
 Temple: D:4-7

Altars:

Annotations:
D:5 Blork the orc


Message History

You feel sick.
The orc wizard casts a spell.
The orc wizard blinks!
Found a chain mail.
You block the adder's attack.
You feel sick. You block the adder's attack.
You feel sick.
Drink which item? (? for menu, Esc to quit)
Okay, then.
Read which item? (? for menu, Esc to quit)
Okay, then.
Blork the orc is no longer moving quickly.
The adder bites you.
You feel sick. The adder bites you but does no damage.
You feel sick. You block the adder's attack.
Blork the orc gestures wildly while chanting.
Blork the orc seems to speed up.
You feel sick.
You are no longer poisoned.
Blork the orc gestures wildly while chanting.
Blork the orc flickers and vanishes!
Deactivating autopickup; reactivate with Ctrl-A.
You block the adder's attack.
Read which item? (? for menu, Esc to quit)
Okay, then.
Drink which item? (? for menu, Esc to quit)
Okay, then.
You hit the adder but do no damage.
The adder is moderately wounded.
You block the adder's attack.
You hit the adder.
The adder is severely wounded.
You block the adder's attack.
You miss the adder.
The adder is severely wounded.
The adder bites you. You block the adder's attack.
Your scale mail prevents you from hitting the adder.
The adder is severely wounded.
The adder bites you but does no damage.
You hit the adder.
You kill the adder!
You hit something but do no damage.
You hear some strange, mumbled words.
A puff of flame appears from out of thin air!
The puff of flame misses you.
You barely miss something. You block something's attack.
You miss something. Something hits you.
You hit something. Something hits you. You block something's attack.
You hit something but do no damage. Something hits you.
You hit something. Something hits you.
You miss something. Something hits you but does no damage.
Your shield prevents you from hitting something.
Something hits you.
* * * LOW HITPOINT WARNING * * *
Your shield and scale mail prevent you from hitting something.
Something hits you.
* * * LOW HITPOINT WARNING * * *
You hit something. Something hits you!
* * * LOW HITPOINT WARNING * * *
You barely miss something. Something hits you!
You die...

##################
.............oo{@#
##################
############ ###
.o.o...)...# #..
##########o# #.#
###+ #...... # #.#
#.##..P. ...>...#
# #o# #.....
....#.# #
#.###..### #.....#
# ####oo(.o...#
.....#


You could see 2 orcs.

Vanquished Creatures
  A howler monkey (D:4)
  A hound (D:4)
  An adder (D:5)
  A worm (D:3)
  A dart slug (D:3)
  2 giant geckos
  A ball python (D:5)
  A bat (D:1)
  A giant cockroach (D:2)
  A hobgoblin (D:1)
  A jackal (D:4)
  A giant newt (D:1)
  A goblin (D:1)
14 creatures vanquished.

Notes
Turn   | Place    | Note
--------------------------------------------------------------
     0 | D:1      | Amnesiac the Merfolk Fighter began the quest for the Orb.
     0 | D:1      | Reached XP level 1. HP: 18/18 MP: 1/1
   100 | D:4      | Noticed a wight
   120 | D:2      | Reached skill level 3 in Short Blades
   132 | D:2      | You fall through a shaft!
   138 | D:3      | Reached XP level 2. HP: 23/24 MP: 2/2
   333 | D:4      | Noticed a scorpion
   445 | D:4      | Noticed a wight
   445 | D:4      | Noticed a wight
   449 | D:4      | Noticed a phantom
   454 | D:4      | Noticed a howler monkey
   468 | D:4      | Noticed a wight
   470 | D:4      | Noticed a wight
   481 | D:4      | Reached skill level 4 in Short Blades
   481 | D:4      | Reached XP level 3. HP: 3/29 MP: 3/3
   489 | D:4      | Reached skill level 5 in Short Blades
   489 | D:4      | Reached XP level 4. HP: 4/35 MP: 4/4
   514 | D:5      | Entered Level 5 of the Dungeon
   814 | D:5      | Noticed Blork the orc
   892 | D:5      | Slain by Blork the orc

Skill      XL: |  1  2  3 |
---------------+----------+-----
Short Blades   | 3 4 5 |  5.7
Fighting       | |  3.2
Armour         | |  2.1
Shields        | |  3.0

Action                   |  1- 3 |  4- 6 || total
-------------------------+-------+-------++-------
Melee: Rapier            |    59 |    27 ||    86
  Use: Potion            |     1 |       ||     1
       Scroll            |       |     2 ||     2
Armor: Scale mail        |    39 |    10 ||    49
Dodge: Dodged            |    17 |    21 ||    38
Block: Shield            |    48 |    22 ||    70
